 Dungeon Crawl Stone Soup version 0.27.0-1-g7a089689b8 (webtiles) character file.

Game seed: 7517758990048986521

31 nxtlvl the Poker (level 3, 0/27 HPs)
             Began as a Human Gladiator on Aug 17, 2021.
             Slain by Natasha (6 damage)
             ... on level 3 of the Dungeon.
             The game lasted 00:07:28 (671 turns).

nxtlvl the Poker (Human Gladiator)                   Turns: 671, Time: 00:07:29

Health: 0/27       AC:  5    Str: 14    XL:     3   Next: 40%
Magic:  3/3        EV: 11    Int:  9    God:
Gold:   75         SH:  3    Dex: 14    Spells: 2/2 levels left

rFire    . . .     SeeInvis .   a - +0 trident
rCold    . . .     Faith    .   f - +0 buckler
rNeg     . . .     Spirit   .   c - +0 leather armour
rPois    .         Reflect  .   d - +0 helmet
rElec    .         Harm     .   (no cloak)
rCorr    .         Rampage  .   e - +0 pair of gloves
Will     .....                  (no boots)
Stlth    +.........             (no amulet)
HPRegen  0.09/turn              (no ring)
MPRegen  0.08/turn              (no ring)

@: hasted and slowed
A: no striking features
a: no special abilities


You were on level 3 of the Dungeon.
You visited 1 branch of the dungeon, and saw 4 of its levels.

You collected 75 gold pieces.

Inventory:

Hand Weapons
 a - a +0 trident (weapon)
Missiles
 i - 3 stones (quivered)
 m - 11 sling bullets
Armour
 c - a +0 leather armour (worn)
 d - a +0 helmet (worn)
 e - a +0 pair of gloves (worn)
 f - a +0 buckler (worn)
Scrolls
 g - a scroll of identify
 h - a scroll of teleportation {unknown}
 j - a scroll of enchant armour {unknown}
 k - a scroll of vulnerability {unknown}
Potions
 b - a potion of ambrosia


   Skills:
 - Level 2.0 Fighting
 * Level 4.2 Polearms
 - Level 2.0 Throwing
 - Level 3.0 Dodging


You had 2 spell levels left.
You didn't know any spells.
Your spell library contained the following spells:

 Spells                   Type           Power      Damage    Failure   Level
 Blink                    Tloc           N/A        N/A       78%         2
 Lesser Beckoning         Tloc           0%         N/A       95%         3
 Manifold Assault         Tloc           0%         N/A       100%        5
 Storm Form               Tmut/Air       0%         N/A       100%        7


Dungeon Overview and Level Annotations

Branches:
Dungeon (4/15)
 Temple: D:4-7

Altars:

Annotations:
D:3 Natasha


Message History

Natasha howls an incantation.
Natasha glows brightly for a moment.
Natasha claws you.
The crimson imp blinks!
You closely miss Natasha.
Natasha howls an incantation.
Natasha's front paws start to glow.
Natasha claws you.
Natasha mumbles some strange words.
You barely miss Natasha. Natasha closely misses you.
You block the crimson imp's attack.
You closely miss Natasha. Natasha barely misses you.
The crimson imp hits you but does no damage.
The crimson imp summons a swarm of flies.
The crimson imp blinks!
You hit Natasha but do no damage. Natasha casts a spell at you.
The magic dart hits you. The crimson imp misses you.
You miss Natasha. Natasha casts a spell at you.
You feel yourself slow down.
The crimson imp hits you but does no damage.
It was a potion of haste.
You feel yourself speed up. Natasha claws you but does no damage.
The crimson imp hits you but does no damage.
Natasha closely misses you.
The crimson imp blinks!
Okay, then.
You hit Natasha.
Natasha is lightly wounded.
You block Natasha's attack.
You hit Natasha but do no damage.
Natasha is lightly wounded.
Natasha hisses.
Natasha claws you.
* * * LOW HITPOINT WARNING * * *
The crimson imp shouts, "Away with thee, thou bawdy ill-breeding erk!"
You closely miss Natasha.
Natasha is lightly wounded.
The crimson imp disappears in a puff of smoke!
Natasha claws you.
You die...

.... .## # .. ## .
.. ##. ##.. #..§
..g .#h## #####
.#.@# #...#
####.#..# #..<#
##....#..#
#...###..##.......
#.......#.........
#.........#....5..
#...#######.......
#..># #.......
#.†.# .....>$


You could see Natasha, a crimson imp (summoned) and a hobgoblin.

Vanquished Creatures
  An adder (D:3)
  3 endoplasms
  A goblin (D:1)
  4 hobgoblins
  A jackal (D:3)
  4 kobolds
  A ball python (D:2)
  A bat (D:1)
  A frilled lizard (D:1)
  5 rats
22 creatures vanquished.

Notes
Turn   | Place    | Note
-------+----------+-------------------------------------------
     0 | D:1      | nxtlvl the Human Gladiator began the quest for the Orb.
     0 | D:1      | Reached XP level 1. HP: 16/16 MP: 1/1
    72 | D:1      | Reached XP level 2. HP: 22/22 MP: 2/2
   168 | D:1      | Found a faded altar of an unknown god.
   324 | D:3      | HP: 1/22 [poisoned by an adder]
   325 | D:3      | Reached skill level 4 in Polearms
   325 | D:3      | Reached XP level 3. HP: 2/27 MP: 3/3
   539 | D:3      | Noticed Natasha
   671 | D:3      | Slain by Natasha

Illustrated notes

Levels and vault maps discovered:
D:1:      tarquinn_simple_flora_water_d, layout_basic,
          ebering_ecumenical_altar_webs, minmay_split_cup_small
D:2:      layout_basic, serial_co_window_serial, co_window_corner_a,
          co_window_corner_a, co_window_corner_a, co_window_corner_a,
          co_window_paths_a, co_window_unsneaky_path_b,
          co_window_of_opportunity_b, co_window_2corner, glass_columns_a,
          glass_columns_a, glass_columns_b, glass_columns_a, glass_columns_a
D:3:      layout_rooms, gup_sewer_entry_spiral, minmay_misc_feat_rows,
          uniq_natasha
D:4:      layout_rooms

Skill      XL: |  1  2 |
---------------+-------+-----
Polearms       | 4 |  4.2
Fighting       | |  2.0
Throwing       | |  2.0
Dodging        | |  3.0

Action                   || total
-------------------------++-------
Melee: Trident           ||    84
Throw: Throwing net      ||     3
       Stone             ||     2
  Use: Scroll            ||     1
       Potion            ||     1
 Stab: Sleeping          ||     1
Armor: Leather armour    ||    15
Dodge: Dodged            ||    39
Block: Buckler           ||     6
